 Dungeon Crawl Stone Soup version 0.28-a0-1565-g95a8017c83 (webtiles) character file.

Game seed: 11311305818243019602

178664 sanka the Brawler (level 17, -6/133 HPs)
             Began as a Gnoll Wanderer on Jan 19, 2022.
             Was a High Priest of Okawaru.
             Blown up by an orb spider (39 damage)
             ... with an orb of destruction
             ... on level 2 of the Spider Nest.
             The game lasted 01:06:39 (27192 turns).

sanka the Brawler (Gnoll Wanderer)                 Turns: 27192, Time: 01:06:39

Health: -6/133     AC: 23    Str: 14    XL:     17   Next: 88%
Magic:  33/33      EV: 17    Int: 16    God:    Okawaru [*****.]
Gold:   3107       SH:  0    Dex: 13    Spells: 9/40 levels left

rFire   + . .      SeeInvis .     - Unarmed
rCold   + + .      Faith    .   (no shield)
rNeg    + . .      Spirit   .   L - +6 leather armour of Going Fast {+Blink Will++ Regen+ Dex-2 Stlth+}
rPois   +          Reflect  .   n - +2 helmet
rElec   +          Harm     .   H - scarf {rC+ rF+}
rCorr   .          Rampage  .   V - +2 pair of gloves of the Hills {rN+ Dex+2}
Will    +++..                   B - +0 pair of boots
Stlth   +++++++...              r - amulet of regeneration
HPRegen 1.92/turn               U - ring "Sorazed" {Wiz rElec rPois rC+}
MPRegen 0.23/turn               o - ring "Gexexie" {AC+4 Stlth+}

@: no status effects
A: fangs 1, strong nose, distributed training
}: 1/15 runes: decaying
a: Renounce Religion, Evoke Blink, Heroism, Finesse, Duel


You were on level 2 of the Spider Nest.
You worshipped Okawaru.
Okawaru was extremely pleased with you.
You visited 5 branches of the dungeon, and saw 29 of its levels.

You collected 3107 gold pieces.


Innate Abilities, Weirdness & Mutations

You have very sharp teeth.
Your uncanny sense of smell can sniff out nearby items.
Your experience applies equally to all skills.


   Skills:
 + Level 12.0 Fighting
 + Level 12.0 Short Blades
 + Level 12.8 Long Blades
 + Level 12.0 Axes
 + Level 12.0 Maces & Flails
 + Level 12.0 Polearms
 + Level 12.0 Staves
 + Level 12.0 Slings
 + Level 12.0 Bows
 + Level 12.0 Crossbows
 + Level 12.0 Throwing
 + Level 12.0 Armour
 + Level 12.0 Dodging
 + Level 12.0 Stealth
 + Level 12.0 Shields
 + Level 15.5 Unarmed Combat
 + Level 12.0 Spellcasting
 + Level 10.1 Conjurations
 + Level 10.1 Hexes
 + Level 10.1 Summonings
 + Level 10.1 Necromancy
 + Level 10.1 Translocations
 + Level 10.1 Transmutations
 + Level 10.1 Fire Magic
 + Level 10.1 Ice Magic
 + Level 10.1 Air Magic
 + Level 10.1 Earth Magic
 + Level 10.1 Poison Magic
 + Level 13.0 Invocations
 + Level 13.5 Evocations


You had 9 spell levels left.
You knew the following spells:

 Your Spells              Type           Power      Damage    Failure   Level
c - Mephitic Cloud        Conj/Pois/Air  42%        N/A       1%          3
q - Dispel Undead         Necr           42%        3d17      1%          4
s - Swiftness             Air            42%        N/A       1%          3
u - Wereblood             Tmut           42%        N/A       1%          2
y - Poisonous Vapours     Pois/Air       84%        N/A       1%          2
z - Beastly Appendage     Tmut           84%        N/A       1%          1
C - Lee's Rapid Deconstr  Erth           21%        3d13*     1%          5
G - Silence               Hex/Air        21%        N/A       1%          5
X - Statue Form           Tmut/Erth      28%        N/A       9%          6

Your spell library contained the following spells:

 Spells                   Type           Power      Damage    Failure   Level
 Foxfire                  Conj/Fire      100%       2x1d9     1%          1
 Freeze                   Ice            100%       1d11      1%          1
 Magic Dart               Conj           100%       1d8       1%          1
 Shock                    Conj/Air       100%       1d9       1%          1
 Corpse Rot               Necr/Air       84%        N/A       1%          2
 Ensorcelled Hibernation  Hex/Ice        84%        N/A       1%          2
 Searing Ray              Conj           84%        2d7       1%          2
 Static Discharge         Conj/Air       42%        N/A       1%          2
 Conjure Flame            Conj/Fire      42%        6-21      1%          3
 Frozen Ramparts          Ice            84%        1d10      1%          3
 Inner Flame              Hex/Fire       42%        N/A       1%          3
 Portal Projectile        Hex/Tloc       84%        N/A       1%          3
 Spider Form              Tmut/Pois      42%        N/A       1%          3
 Airstrike                Air            21%        N/A       1%          4
 Anguish                  Hex/Necr       21%        N/A       1%          4
 Flame Wave               Conj/Fire      42%        2d8       1%          4
 Fulminant Prism          Conj/Hex       21%        3d13      1%          4
 Hailstorm                Conj/Ice       42%        3d10      1%          4
 Ice Form                 Ice/Tmut       42%        N/A       1%          4
 Leda's Liquefaction      Hex/Erth       21%        N/A       1%          4
 Sticky Flame             Conj/Fire      42%        2d6       1%          4
 Alistair's Intoxication  Tmut/Pois      28%        N/A       1%          5
 Metabolic Englaciation   Hex/Ice        21%        N/A       1%          5
 Conjure Ball Lightning   Conj/Air       21%        3x3d6     9%          6
 Discord                  Hex            21%        N/A       96%         8
 Disjunction              Tloc           21%        N/A       96%         8
 Call Imp                 Summ           Unusable   N/A       N/A         2
 Call Canine Familiar     Summ           Unusable   N/A       N/A         3
 Summon Ice Beast         Ice/Summ       Unusable   N/A       N/A         4
 Summon Forest            Summ/Tloc      Unusable   N/A       N/A         5

Inventory:

Missiles
 K - 4 throwing nets {=f}
Armour
 n - a +2 helmet (worn)
 B - a +0 pair of boots (worn)
 H - a scarf of resistance (worn)
 L - the +6 leather armour of Going Fast (worn) {+Blink Will++ Regen+ Dex-2 Stlth+}

   Dex:       It affects your dexterity (-2).
   +Blink:    It lets you blink.
   Regen:     It increases your rate of health regeneration.
   Will:      It greatly increases your willpower.
   Stlth:     It makes you more stealthy.
 V - the +2 pair of gloves of the Hills (worn) {rN+ Dex+2}

   Dex:       It affects your dexterity (+2).
   rN:        It protects you from negative energy.
Magical Staves
 g - a staff of air
Jewellery
 o - the ring "Gexexie" (right hand) {AC+4 Stlth+}

   [ring of protection]

   AC:        It affects your AC (+4).
   Stlth:     It makes you more stealthy.
 r - an amulet of regeneration (around neck)
 v - a +4 ring of protection
 y - a ring of protection from cold
 G - a ring of flight
 U - the ring "Sorazed" (left hand) {Wiz rElec rPois rC+}

   [ring of wizardry]

   It improves your spell success rate.
   rC:        It protects you from cold.
   rElec:     It insulates you from electricity.
   rPois:     It protects you from poison.
 W - a +6 ring of intelligence
Wands
 b - a wand of iceblast (16)
 c - a wand of paralysis (16)
 d - a wand of polymorph (11)
 N - a wand of mindburst (23)
 P - a wand of flame (14)
 R - a wand of digging (17)
 T - a wand of acid (29)
Scrolls
 e - 5 scrolls of magic mapping
 j - 4 scrolls of immolation {!r}
 k - 5 scrolls of teleportation {@r4}
 l - 7 scrolls of silence {!r}
 q - 8 scrolls of enchant armour
 t - 3 scrolls of blinking
 u - 3 scrolls of fog
 A - 2 scrolls of holy word
 E - 6 scrolls of amnesia
 I - 3 scrolls of vulnerability {!r}
 O - a scroll of enchant weapon
Potions
 a - 2 potions of cancellation {unknown}
 f - a potion of invisibility {unknown}
 h - 10 potions of ambrosia
 i - 4 potions of haste {@q3}
 m - 6 potions of curing {@q1}
 p - 2 potions of heal wounds {@q2}
 s - 3 potions of degeneration {unknown}
 w - 3 potions of attraction {unknown}
 x - 5 potions of lignification {unknown}
 z - 2 potions of flight {unknown}
 C - 3 potions of mutation {unknown}
 D - 2 potions of berserk rage {unknown}
 F - 2 potions of might {unknown}
 M - a potion of resistance {unknown}
 Q - 5 potions of brilliance
 S - 2 potions of magic {unknown}
Miscellaneous
 J - a tin of tremorstones (2/2)

Dungeon Overview and Level Annotations

Branches:
Dungeon (15/15)            Temple (0/1) D:5            Lair (6/6) D:9
  Swamp (4/4) Lair:2       Spider (1/4) Lair:4        Slime (0/5) Lair:6
    Orc (2/2) D:12            Elf (0/3) Orc:2        Vaults (0/5) D:13
 Depths (0/4) D:15

Altars:
Elyvilon
Fedhas
Gozag
Hepliaklqana
Kikubaaqudgha
Makhleb
Nemelex Xobeh
Okawaru
Ru
Wu Jian
The Shining One

Shops:
D:11 (   Orc:2 [(((:

Annotations:
D:5 1 runed translucent door
Lair:3 2 transporters, Izit's ghost, journeyman DECj
Swamp:2 2 transporters, mopl's ghost, adept PaGl

▒▒▒▒▒▒ ▒ ▒^^^^^▒
▒▒. ▒▒^....^^▒▒
▒..▒▒^.^^.^..≈▒▒
▒.▒▒...^▒▒▒.s.≈▒▒
▒.▒^^^.≈▒≈≈▒☼..≈▒
▒.^.^^▒▒≈▒≈≈▒☼°£▒
▒..8^^▒s▒≈▒≈▒☼.:▒
▒....^▒▒≈▒≈≈▒^g!▒
▒...▒^..^≈▒≈≈▒^.^≈▒
..▒.▒▒^^.^▒▒▒^^.≈▒▒
.▒▒..▒▒^.^^^.s^≈▒▒
. ≈≈. ▒▒...^^..▒▒
≈▒▒ ▒▒^...^▒▒ .▒
▒▒▒▒▒▒▒ ∆ . ∆


You could see 2 orb spiders.


Message History

The orb of destruction hits you!!
* * * LOW HITPOINT WARNING * * *
You enter the shallow water.
The orb spider pulsates with a strange energy.
The orb spider weaves a glowing orb of energy.
The wavering orb of destruction weakly hits you but does no damage.
The orb spider begins to weave its threads into a brightly glowing ball.
The orb spider weaves a glowing orb of energy.
An orb of destruction comes into view.
You see here a fizzy grey potion.
You hit the orb spider. You punch the orb spider!
The orb spider is heavily wounded.
Unknown command.
Your unstable footing causes you to fumble your attack.
The orb spider weaves a glowing orb of energy.
The orb spider begins to weave its threads into a brightly glowing ball.
The orb of destruction hits you!
* * * LOW HITPOINT WARNING * * *
An orb of destruction comes into view.
Unknown command.
The wavering orb of destruction hits you.
* * * LOW HITPOINT WARNING * * *
The orb spider weaves a glowing orb of energy.
An orb of destruction comes into view.
Unknown command.
Unknown command.
You revert to your normal fleshy form.
The orb of destruction hits you!!!
You die...

Action                   |  1- 3 |  4- 6 |  7- 9 | 10-12 | 13-15 | 16-18 || total
-------------------------+-------+-------+-------+-------+-------+-------++-------
Melee: Unarmed           |    78 |   154 |   227 |   841 |  1723 |   881 ||  3904
       Falchion          |     1 |       |       |       |       |       ||     1
       Punch             |     4 |     7 |    22 |    77 |   154 |   135 ||   399
       Bite              |     3 |    16 |    23 |    94 |   232 |   140 ||   508
       Kick              |       |       |       |     3 |    57 |       ||    60
       Headbutt          |       |       |       |     1 |    36 |       ||    37
 Cast: Beastly Appendage |       |       |       |     2 |    11 |       ||    13
       Statue Form       |       |       |       |       |    24 |    46 ||    70
Invok: Heroism           |       |       |     9 |    21 |    44 |    35 ||   109
       Finesse           |       |       |       |       |       |     4 ||     4
Evoke: Wand              |       |       |       |     7 |       |     4 ||    11
  Use: Scroll            |       |       |       |       |    19 |     2 ||    21
       Potion            |       |       |       |       |     1 |     5 ||     6
 Stab: Sleeping          |     1 |     4 |     4 |    17 |    20 |    18 ||    64
       Distracted        |       |       |       |       |     3 |     4 ||     7
Armor: Leather armour    |    30 |    45 |    36 |   350 |   527 |   166 ||  1154
       Swamp dragon scal |       |       |    30 |     7 |       |       ||    37
       Skin              |       |       |       |       |   330 |   578 ||   908
Dodge: Dodged            |    36 |    63 |   126 |   582 |  1641 |  1097 ||  3545

Levels and vault maps discovered:
D:1:      dpeg_arrival_castle, layout_rooms, ebering_ecumenical_altar_rust,
          hex_intersection
D:2:      layout_loops_corners
D:3:      minmay_evil_eye, layout_basic, mainiacjoe_overflow_tiny_flanked,
          uniq_robin
D:4:      layout_basic, elyvilon_altar_4, grunt_temple_overflow_opulence,
          sigmund_edmund_badplayer
D:5:      layout_basic, lightli_temple_of_fire,
          minmay_temple_entry_proselytizer, ebering_ghost_sewer_f
D:6:      layout_rooms, tso_oasis_becter, hangedman_abyss_or_decor_lesser_grid,
          kennysheep_crisscross, minmay_ruffians, uniq_edmund, uniq_maggie,
          uniq_eustachio
D:7:      layout_cave_pools, nzn_wu_jian_council_hall, grunt_ministairs_15
D:8:      layout_basic, grunt_temple_overflow_growth_and_decay
D:9:      layout_long_grid, due_lair_maze_entry_diamond
D:10:     minmay_the_grid_plus [minmay_the_grid_holed_spiral,
          minmay_the_grid_square_x, minmay_the_grid_small_cups,
          minmay_the_grid_large_cup, minmay_the_grid_prize_big_room],
          layout_loops_cross, nicolae_hepliaklqana_monster_ancestors,
          st_stairs_12
D:11:     layout_stronghold, serial_shops, shop, minivault_25
D:12:     layout_rooms, hiddenorc1_lemuel, kennysheep_nub
D:13:     layout_basic, ximxim_vaults_locker_room
D:14:     layout_irregular_city, grunt_tough_drop
D:15:     grunt_enter_depths_hoard, layout_rooms, eino_curves_01, uniq_louise
Lair:1:   hellmonk_destroyed_diamonds, layout_layer_cave, basic_altar,
          special_room [special_room_bee], serial_bayou_lake_a,
          lemuel_fruit_tree, uniq_prince_ribbit2
Lair:2:   layout_loops_ring, nicolae_swamp_entry_splash_gauntlet, uniq_urug
Lair:3:   layout_long_grid, gammafunk_ghost_abyssal_escape, lemuel_fruit_fields
Lair:4:   layout_loops_ring, nicolae_spider_entry_tight_spaces, st_stairs_3,
          nicolae_quartered_pool_super, infiniplex_staircase_pool_2
Lair:5:   layout_regular_city
Lair:6:   guppyfry_lair_end_dragon, layout_cave_pods,
          hangedman_lair_caniforms_friends, minmay_slime_entry_jelly_boxes,
          grunt_megastairs_2
Swamp:1:  layout_basic_swamp, nicolae_swamp_decorative_isthmus, swamp_pool4,
          nzn_swamp_blast_mining, uniq_donald
Swamp:2:  layout_basic_swamp, gammafunk_ghost_mausoleum, serial_swamp_ruin,
          hangedman_swamp_ruin_wall, evilmike_swamp_ruin_house_2,
          evilmike_swamp_ruin_rubble_1, swamp_pool2,
          nicolae_swamp_super_fun_site, infiniplex_staircase_pool
Swamp:3:  layout_falls_marsh, nicolae_swamp_fairy_circle, swamp_pool1,
          uniq_kirke
Swamp:4:  swamp_vile, layout_basic_swamp
Spider:1: layout_spider_delve
Spider:2: layout_spider_delve, drop_trap, hangedman_spider_trapstep,
          uniq_mlioglotl
Orc:1:    layout_caves
Orc:2:    st_orc_ogre_mass, layout_caves, serial_shops,
          nicolae_shop_advertising_works [nicolae_subvault_shop_adworks]

Notes
Turn   | Place    | Note
-------+----------+-------------------------------------------
     0 | D:1      | Reached skill level 10 in Unarmed Combat
     0 | D:1      | sanka the Gnoll Wanderer began the quest for the Orb.
     0 | D:1      | sanka set off with the following items: a +0 falchion, a
                  | scroll of summoning, a scroll of fear, a wand of polymorph
                  | (3), a +0 leather armour
     0 | D:1      | Reached XP level 1. HP: 13/13 MP: 1/1
    74 | D:1      | Found a faded altar of an unknown god.
   133 | D:1      | Reached XP level 2. HP: 19/19 MP: 2/2
   726 | D:2      | Reached XP level 3. HP: 18/25 MP: 3/3
  1414 | D:2      | Reached skill level 1 in Invocations
  1633 | D:2      | Reached skill level 1 in Fighting
  1633 | D:2      | Reached skill level 1 in Short Blades
  1633 | D:2      | Reached skill level 1 in Axes
  1633 | D:2      | Reached skill level 1 in Maces & Flails
  1633 | D:2      | Reached skill level 1 in Polearms
  1633 | D:2      | Reached skill level 1 in Staves
  1633 | D:2      | Reached skill level 1 in Slings
  1633 | D:2      | Reached skill level 1 in Bows
  1633 | D:2      | Reached skill level 1 in Crossbows
  1633 | D:2      | Reached skill level 1 in Throwing
  1633 | D:2      | Reached skill level 1 in Armour
  1633 | D:2      | Reached skill level 1 in Dodging
  1633 | D:2      | Reached skill level 1 in Stealth
  1633 | D:2      | Reached skill level 1 in Shields
  1633 | D:2      | Reached skill level 1 in Spellcasting
  1819 | D:3      | Reached XP level 4. HP: 28/32 MP: 5/5
  1990 | D:3      | Reached skill level 1 in Conjurations
  1990 | D:3      | Reached skill level 1 in Hexes
  1990 | D:3      | Reached skill level 1 in Summonings
  1990 | D:3      | Reached skill level 1 in Necromancy
  1990 | D:3      | Reached skill level 1 in Translocations
  1990 | D:3      | Reached skill level 1 in Transmutations
  1990 | D:3      | Reached skill level 1 in Fire Magic
  1990 | D:3      | Reached skill level 1 in Ice Magic
  1990 | D:3      | Reached skill level 1 in Air Magic
  1990 | D:3      | Reached skill level 1 in Earth Magic
  1990 | D:3      | Reached skill level 1 in Poison Magic
  2008 | D:3      | Reached XP level 5. HP: 25/37 MP: 5/7
  2210 | D:3      | Found an iron altar of Okawaru.
  2212 | D:3      | Identified the -5 helmet of Indomitability {Will+ Str+4}
  2212 | D:3      | Noticed Robin
  2265 | D:2      | Killed Robin
  3010 | D:3      | Became a worshipper of Warmaster Okawaru
  3087 | D:4      | Reached skill level 2 in Invocations
  3087 | D:4      | Reached XP level 6. HP: 44/44 MP: 8/8
  3189 | D:4      | Found a white marble altar of Elyvilon.
  3271 | D:4      | Reached skill level 5 in Long Blades
  3348 | D:4      | Reached skill level 2 in Fighting
  3348 | D:4      | Reached skill level 2 in Short Blades
  3348 | D:4      | Reached skill level 2 in Axes
  3348 | D:4      | Reached skill level 2 in Maces & Flails
  3348 | D:4      | Reached skill level 2 in Polearms
  3348 | D:4      | Reached skill level 2 in Staves
  3348 | D:4      | Reached skill level 2 in Slings
  3348 | D:4      | Reached skill level 2 in Bows
  3348 | D:4      | Reached skill level 2 in Crossbows
  3348 | D:4      | Reached skill level 2 in Throwing
  3348 | D:4      | Reached skill level 2 in Armour
  3348 | D:4      | Reached skill level 2 in Dodging
  3348 | D:4      | Reached skill level 2 in Stealth
  3348 | D:4      | Reached skill level 2 in Shields
  3348 | D:4      | Reached skill level 2 in Spellcasting
  3516 | D:4      | Reached XP level 7. HP: 49/50 MP: 10/10
  3524 | D:4      | Found a sparkling altar of Nemelex Xobeh.
  3525 | D:4      | Found an opulent altar of Gozag.
  3555 | D:4      | Reached * piety under Okawaru
  3910 | D:4      | Noticed Sigmund
  3912 | D:4      | Noticed Edmund
  3929 | D:4      | Killed Edmund
  3930 | D:4      | Reached skill level 2 in Conjurations
  3930 | D:4      | Reached skill level 2 in Hexes
  3930 | D:4      | Reached skill level 2 in Summonings
  3930 | D:4      | Reached skill level 2 in Necromancy
  3930 | D:4      | Reached skill level 2 in Translocations
  3930 | D:4      | Reached skill level 2 in Transmutations
  3930 | D:4      | Reached skill level 2 in Fire Magic
  3930 | D:4      | Reached skill level 2 in Ice Magic
  3930 | D:4      | Reached skill level 2 in Air Magic
  3930 | D:4      | Reached skill level 2 in Earth Magic
  3930 | D:4      | Reached skill level 2 in Poison Magic
  3930 | D:4      | Reached skill level 7 in Evocations
  3944 | D:4      | Killed Sigmund
  3945 | D:4      | Reached skill level 3 in Invocations
  3995 | D:5      | Entered Level 5 of the Dungeon
  4019 | D:5      | Reached ** piety under Okawaru
  4082 | D:5      | Found a runed translucent door.
  4087 | D:5      | Noticed kae's ghost (amateur DrTm)
  4156 | D:5      | Reached XP level 8. HP: 57/57 MP: 9/12
  4194 | D:5      | Reached skill level 3 in Fighting
  4194 | D:5      | Reached skill level 3 in Short Blades
  4194 | D:5      | Reached skill level 3 in Axes
  4194 | D:5      | Reached skill level 3 in Maces & Flails
  4194 | D:5      | Reached skill level 3 in Polearms
  4194 | D:5      | Reached skill level 3 in Staves
  4194 | D:5      | Reached skill level 3 in Slings
  4194 | D:5      | Reached skill level 3 in Bows
  4194 | D:5      | Reached skill level 3 in Crossbows
  4194 | D:5      | Reached skill level 3 in Throwing
  4194 | D:5      | Reached skill level 3 in Armour
  4194 | D:5      | Reached skill level 3 in Dodging
  4194 | D:5      | Reached skill level 3 in Stealth
  4194 | D:5      | Reached skill level 3 in Shields
  4194 | D:5      | Reached skill level 3 in Spellcasting
  4346 | D:5      | Found a staircase to the Ecumenical Temple.
  4365 | D:5      | Found a runed translucent door.
  4436 | D:5      | Noticed a yak
  4436 | D:5      | Noticed a yak
  4439 | D:5      | Noticed a yak
  4440 | D:5      | Noticed a yak
  4453 | D:5      | Noticed a yak
  4458 | D:5      | Killed a yak
  4464 | D:5      | Killed a yak
  4465 | D:5      | Reached skill level 11 in Unarmed Combat
  4469 | D:5      | Killed a yak
  4477 | D:5      | Killed a yak
  4477 | D:5      | Reached *** piety under Okawaru
  4478 | D:5      | Reached skill level 3 in Conjurations
  4478 | D:5      | Reached skill level 3 in Hexes
  4478 | D:5      | Reached skill level 3 in Summonings
  4478 | D:5      | Reached skill level 3 in Necromancy
  4478 | D:5      | Reached skill level 3 in Translocations
  4478 | D:5      | Reached skill level 3 in Transmutations
  4478 | D:5      | Reached skill level 3 in Fire Magic
  4478 | D:5      | Reached skill level 3 in Ice Magic
  4478 | D:5      | Reached skill level 3 in Air Magic
  4478 | D:5      | Reached skill level 3 in Earth Magic
  4478 | D:5      | Reached skill level 3 in Poison Magic
  4478 | D:5      | Reached skill level 4 in Invocations
  4491 | D:5      | Killed a yak
  4492 | D:5      | Reached skill level 6 in Long Blades
  4492 | D:5      | Reached XP level 9. HP: 30/65 MP: 14/14
  4627 | D:5      | Found a burning altar of Makhleb.
  4719 | D:5      | Killed kae's ghost
  5007 | D:6      | Reached skill level 4 in Fighting
  5007 | D:6      | Reached skill level 4 in Short Blades
  5007 | D:6      | Reached skill level 4 in Axes
  5007 | D:6      | Reached skill level 4 in Maces & Flails
  5007 | D:6      | Reached skill level 4 in Polearms
  5007 | D:6      | Reached skill level 4 in Staves
  5007 | D:6      | Reached skill level 4 in Slings
  5007 | D:6      | Reached skill level 4 in Bows
  5007 | D:6      | Reached skill level 4 in Crossbows
  5007 | D:6      | Reached skill level 4 in Throwing
  5007 | D:6      | Reached skill level 4 in Armour
  5007 | D:6      | Reached skill level 4 in Dodging
  5007 | D:6      | Reached skill level 4 in Stealth
  5007 | D:6      | Reached skill level 4 in Shields
  5007 | D:6      | Reached skill level 4 in Spellcasting
  5110 | D:6      | Received a gift from Okawaru
  5231 | D:6      | Identified +0 swamp dragon scales
  5231 | D:6      | Noticed Maggie
  5259 | D:6      | Killed Maggie
  5260 | D:6      | Reached skill level 8 in Evocations
  5260 | D:6      | Found a glowing golden altar of the Shining One.
  5271 | D:6      | Identified a scarf of resistance
  5339 | D:6      | Noticed Eustachio
  5358 | D:6      | Reached skill level 5 in Invocations
  5436 | D:5      | Killed Eustachio
  5527 | D:6      | Reached **** piety under Okawaru
  5533 | D:6      | Reached skill level 4 in Conjurations
  5533 | D:6      | Reached skill level 4 in Hexes
  5533 | D:6      | Reached skill level 4 in Summonings
  5533 | D:6      | Reached skill level 4 in Necromancy
  5533 | D:6      | Reached skill level 4 in Translocations
  5533 | D:6      | Reached skill level 4 in Transmutations
  5533 | D:6      | Reached skill level 4 in Fire Magic
  5533 | D:6      | Reached skill level 4 in Ice Magic
  5533 | D:6      | Reached skill level 4 in Air Magic
  5533 | D:6      | Reached skill level 4 in Earth Magic
  5533 | D:6      | Reached skill level 4 in Poison Magic
  5533 | D:6      | Reached XP level 10. HP: 54/73 MP: 17/17
  5795 | D:6      | Reached skill level 5 in Fighting
  5795 | D:6      | Reached skill level 5 in Short Blades
  5795 | D:6      | Reached skill level 5 in Axes
  5795 | D:6      | Reached skill level 5 in Maces & Flails
  5795 | D:6      | Reached skill level 5 in Polearms
  5795 | D:6      | Reached skill level 5 in Staves
  5795 | D:6      | Reached skill level 5 in Slings
  5795 | D:6      | Reached skill level 5 in Bows
  5795 | D:6      | Reached skill level 5 in Crossbows
  5795 | D:6      | Reached skill level 5 in Throwing
  5795 | D:6      | Reached skill level 5 in Armour
  5795 | D:6      | Reached skill level 5 in Dodging
  5795 | D:6      | Reached skill level 5 in Stealth
  5795 | D:6      | Reached skill level 5 in Shields
  5795 | D:6      | Reached skill level 5 in Spellcasting
  5827 | D:6      | Learned a level 2 spell: Poisonous Vapours
  5849 | D:7      | Identified the +6 leather armour of Going Fast {+Blink
                  | Will++ Regen+ Dex-2 Stlth+}
  5921 | D:7      | Identified +0 steam dragon scales
  6064 | D:7      | Found an ornate altar of the Wu Jian Council.
  6222 | D:7      | Reached skill level 7 in Long Blades
  6613 | D:8      | Found a blossoming altar of Fedhas.
  6618 | D:8      | Found an ancient bone altar of Kikubaaqudgha.
  6953 | D:8      | Reached skill level 6 in Invocations
  6963 | D:8      | Reached ***** piety under Okawaru
  7524 | D:9      | Received a gift from Okawaru
  7589 | D:9      | Reached XP level 11. HP: 81/81 MP: 19/19
  7712 | D:9      | Reached skill level 6 in Fighting
  7712 | D:9      | Reached skill level 6 in Short Blades
  7712 | D:9      | Reached skill level 6 in Axes
  7712 | D:9      | Reached skill level 6 in Maces & Flails
  7712 | D:9      | Reached skill level 6 in Polearms
  7712 | D:9      | Reached skill level 6 in Staves
  7712 | D:9      | Reached skill level 6 in Slings
  7712 | D:9      | Reached skill level 6 in Bows
  7712 | D:9      | Reached skill level 6 in Crossbows
  7712 | D:9      | Reached skill level 6 in Throwing
  7712 | D:9      | Reached skill level 6 in Armour
  7712 | D:9      | Reached skill level 6 in Dodging
  7712 | D:9      | Reached skill level 6 in Stealth
  7712 | D:9      | Reached skill level 6 in Shields
  7712 | D:9      | Reached skill level 12 in Unarmed Combat
  7712 | D:9      | Reached skill level 6 in Spellcasting
  7712 | D:9      | Reached skill level 9 in Evocations
  7723 | D:9      | Reached skill level 5 in Conjurations
  7723 | D:9      | Reached skill level 5 in Hexes
  7723 | D:9      | Reached skill level 5 in Summonings
  7723 | D:9      | Reached skill level 5 in Necromancy
  7723 | D:9      | Reached skill level 5 in Translocations
  7723 | D:9      | Reached skill level 5 in Transmutations
  7723 | D:9      | Reached skill level 5 in Fire Magic
  7723 | D:9      | Reached skill level 5 in Ice Magic
  7723 | D:9      | Reached skill level 5 in Air Magic
  7723 | D:9      | Reached skill level 5 in Earth Magic
  7723 | D:9      | Reached skill level 5 in Poison Magic
  7888 | D:9      | Learned a level 3 spell: Mephitic Cloud
  7952 | D:9      | Found a staircase to the Lair.
  8347 | D:10     | Entered Level 10 of the Dungeon
  8369 | D:10     | Noticed a white ugly thing
  8389 | D:10     | Killed a white ugly thing
  8436 | D:10     | Noticed a cyan ugly thing
  8468 | D:10     | Noticed a purple ugly thing
  8471 | D:10     | Reached skill level 7 in Invocations
  8472 | D:10     | Noticed a four-headed hydra
  8490 | D:10     | Killed a four-headed hydra
  8491 | D:10     | Reached skill level 8 in Long Blades
  8509 | D:10     | Noticed a cyclops
  8525 | D:10     | Killed a brown ugly thing
  8539 | D:10     | Killed a brown ugly thing
  8549 | D:10     | Killed a cyclops
  8648 | D:10     | Noticed a centaur warrior
  8654 | D:10     | Noticed a two-headed ogre
  8659 | D:10     | Killed a centaur warrior
  8677 | D:10     | Killed a two-headed ogre
  8692 | D:10     | Reached XP level 12. HP: 53/89 MP: 22/22
  8783 | D:10     | Identified the ring "Sorazed" {Wiz rElec rPois rC+}
  8797 | D:10     | Received a gift from Okawaru
  8865 | D:10     | Found a hazy altar of Hepliaklqana.
  8886 | D:10     | Noticed a two-headed ogre
  8893 | D:10     | Killed a two-headed ogre
  8955 | D:10     | Received a gift from Okawaru
  8956 | D:10     | Reached skill level 7 in Fighting
  8956 | D:10     | Reached skill level 7 in Short Blades
  8956 | D:10     | Reached skill level 7 in Axes
  8956 | D:10     | Reached skill level 7 in Maces & Flails
  8956 | D:10     | Reached skill level 7 in Polearms
  8956 | D:10     | Reached skill level 7 in Staves
  8956 | D:10     | Reached skill level 7 in Slings
  8956 | D:10     | Reached skill level 7 in Bows
  8956 | D:10     | Reached skill level 7 in Crossbows
  8956 | D:10     | Reached skill level 7 in Throwing
  8956 | D:10     | Reached skill level 7 in Armour
  8956 | D:10     | Reached skill level 7 in Dodging
  8956 | D:10     | Reached skill level 7 in Stealth
  8956 | D:10     | Reached skill level 7 in Shields
  8956 | D:10     | Reached skill level 7 in Spellcasting
  9001 | D:10     | Noticed an ogre mage
  9064 | D:10     | Killed an ogre mage
  9120 | D:10     | Noticed a two-headed ogre
  9131 | D:10     | Killed a two-headed ogre
  9241 | D:10     | Identified the +2 pair of gloves of the Hills {rN+ Dex+2}
                  | (Okawaru gifted it to you on level 10 of the Dungeon)
  9241 | D:10     | Received a gift from Okawaru
  9660 | D:11     | Found Noka's Antique Weapon Emporium.
  9787 | D:11     | Reached skill level 6 in Conjurations
  9787 | D:11     | Reached skill level 6 in Hexes
  9787 | D:11     | Reached skill level 6 in Summonings
  9787 | D:11     | Reached skill level 6 in Necromancy
  9787 | D:11     | Reached skill level 6 in Translocations
  9787 | D:11     | Reached skill level 6 in Transmutations
  9787 | D:11     | Reached skill level 6 in Fire Magic
  9787 | D:11     | Reached skill level 6 in Ice Magic
  9787 | D:11     | Reached skill level 6 in Air Magic
  9787 | D:11     | Reached skill level 6 in Earth Magic
  9787 | D:11     | Reached skill level 6 in Poison Magic
  9847 | D:11     | Noticed a two-headed ogre
  9855 | D:11     | Killed a two-headed ogre
  9856 | D:11     | Reached skill level 8 in Invocations
  9860 | D:12     | Noticed a six-headed hydra
  9860 | D:12     | Noticed a two-headed ogre
  9873 | D:12     | Killed a two-headed ogre
  9923 | D:11     | Killed a six-headed hydra
  9924 | D:11     | Reached skill level 10 in Evocations
  9948 | D:12     | Learned a level 1 spell: Beastly Appendage
  9982 | D:12     | Noticed a two-headed ogre
  9996 | D:12     | Killed a two-headed ogre
 10097 | D:11     | Reached skill level 9 in Long Blades
 10852 | D:12     | Found a staircase to the Orcish Mines.
 11017 | Lair:1   | Entered Level 1 of the Lair of Beasts
 11017 | Lair:1   | Noticed Prince Ribbit
 11022 | Lair:1   | Killed Prince Ribbit
 11045 | Lair:1   | Reached XP level 13. HP: 97/98 MP: 24/24
 11211 | Lair:1   | Found a sacrificial altar of Ru.
 11397 | Lair:1   | Reached skill level 13 in Unarmed Combat
 11401 | Lair:1   | Reached skill level 8 in Fighting
 11401 | Lair:1   | Reached skill level 8 in Short Blades
 11401 | Lair:1   | Reached skill level 8 in Axes
 11401 | Lair:1   | Reached skill level 8 in Maces & Flails
 11401 | Lair:1   | Reached skill level 8 in Polearms
 11401 | Lair:1   | Reached skill level 8 in Staves
 11401 | Lair:1   | Reached skill level 8 in Slings
 11401 | Lair:1   | Reached skill level 8 in Bows
 11401 | Lair:1   | Reached skill level 8 in Crossbows
 11401 | Lair:1   | Reached skill level 8 in Throwing
 11401 | Lair:1   | Reached skill level 8 in Armour
 11401 | Lair:1   | Reached skill level 8 in Dodging
 11401 | Lair:1   | Reached skill level 8 in Stealth
 11401 | Lair:1   | Reached skill level 8 in Shields
 11401 | Lair:1   | Reached skill level 8 in Spellcasting
 11547 | Lair:1   | Received a gift from Okawaru
 11997 | Lair:1   | Reached skill level 9 in Invocations
 12043 | Lair:1   | Identified the +1 buckler of Melancholy {rN++} (Okawaru
                  | gifted it to you on level 1 of the Lair of Beasts)
 12043 | Lair:1   | Received a gift from Okawaru
 12883 | Lair:2   | Learned a level 6 spell: Statue Form
 12970 | Lair:2   | Noticed Urug
 12986 | Lair:2   | Killed Urug
 12987 | Lair:2   | Reached skill level 7 in Conjurations
 12987 | Lair:2   | Reached skill level 7 in Hexes
 12987 | Lair:2   | Reached skill level 7 in Summonings
 12987 | Lair:2   | Reached skill level 7 in Necromancy
 12987 | Lair:2   | Reached skill level 7 in Translocations
 12987 | Lair:2   | Reached skill level 7 in Transmutations
 12987 | Lair:2   | Reached skill level 7 in Fire Magic
 12987 | Lair:2   | Reached skill level 7 in Ice Magic
 12987 | Lair:2   | Reached skill level 7 in Air Magic
 12987 | Lair:2   | Reached skill level 7 in Earth Magic
 12987 | Lair:2   | Reached skill level 7 in Poison Magic
 13401 | Lair:2   | Found a staircase to the Swamp.
 13963 | Lair:3   | Found a transporter.
 13964 | Lair:3   | Found a transporter.
 13968 | Lair:3   | Noticed a rakshasa
 14203 | Lair:3   | Noticed Izit's ghost (journeyman DECj)
 14638 | Lair:4   | Found a hole to the Spider Nest.
 14783 | Lair:4   | Reached skill level 10 in Long Blades
 14783 | Lair:4   | Reached skill level 11 in Evocations
 14788 | Lair:4   | Reached XP level 14. HP: 106/106 MP: 26/26
 14814 | Lair:4   | Identified the +1 ring mail of the Hart {Harm Str+4}
 15104 | Lair:4   | Reached skill level 9 in Fighting
 15104 | Lair:4   | Reached skill level 9 in Short Blades
 15104 | Lair:4   | Reached skill level 9 in Axes
 15104 | Lair:4   | Reached skill level 9 in Maces & Flails
 15104 | Lair:4   | Reached skill level 9 in Polearms
 15104 | Lair:4   | Reached skill level 9 in Staves
 15104 | Lair:4   | Reached skill level 9 in Slings
 15104 | Lair:4   | Reached skill level 9 in Bows
 15104 | Lair:4   | Reached skill level 9 in Crossbows
 15104 | Lair:4   | Reached skill level 9 in Throwing
 15104 | Lair:4   | Reached skill level 9 in Armour
 15104 | Lair:4   | Reached skill level 9 in Dodging
 15104 | Lair:4   | Reached skill level 9 in Stealth
 15104 | Lair:4   | Reached skill level 9 in Shields
 15104 | Lair:4   | Reached skill level 9 in Spellcasting
 15508 | Lair:5   | Received a gift from Okawaru
 16149 | Lair:6   | Entered Level 6 of the Lair of Beasts
 16161 | Lair:6   | Reached skill level 10 in Invocations
 16223 | Lair:6   | Received a gift from Okawaru
 16483 | Lair:6   | Identified the +3 kite shield "Pioh" {Dex+6 Slay-3}
                  | (Okawaru gifted it to you on level 6 of the Lair of Beasts)
 16483 | Lair:6   | Received a gift from Okawaru
 16823 | Lair:6   | Found a staircase to the Slime Pits.
 17377 | Lair:6   | Reached skill level 8 in Conjurations
 17377 | Lair:6   | Reached skill level 8 in Hexes
 17377 | Lair:6   | Reached skill level 8 in Summonings
 17377 | Lair:6   | Reached skill level 8 in Necromancy
 17377 | Lair:6   | Reached skill level 8 in Translocations
 17377 | Lair:6   | Reached skill level 8 in Transmutations
 17377 | Lair:6   | Reached skill level 8 in Fire Magic
 17377 | Lair:6   | Reached skill level 8 in Ice Magic
 17377 | Lair:6   | Reached skill level 8 in Air Magic
 17377 | Lair:6   | Reached skill level 8 in Earth Magic
 17377 | Lair:6   | Reached skill level 8 in Poison Magic
 17410 | Lair:6   | Noticed a dire elephant
 17420 | Lair:6   | Killed a dire elephant
 17463 | Lair:6   | Reached skill level 14 in Unarmed Combat
 17476 | Lair:6   | Reached ****** piety under Okawaru
 17488 | Lair:6   | Reached XP level 15. HP: 115/115 MP: 28/28
 17958 | Orc:1    | Entered Level 1 of the Orcish Mines
 17998 | Orc:1    | Noticed an orc warlord
 18019 | Orc:1    | Killed an orc warlord
 18032 | Orc:1    | Received a gift from Okawaru
 18379 | Orc:1    | Noticed an orc warlord
 18661 | Orc:1    | Killed an orc warlord
 18662 | Orc:1    | Reached skill level 11 in Long Blades
 18674 | Orc:1    | Reached skill level 10 in Fighting
 18674 | Orc:1    | Reached skill level 10 in Short Blades
 18674 | Orc:1    | Reached skill level 10 in Axes
 18674 | Orc:1    | Reached skill level 10 in Maces & Flails
 18674 | Orc:1    | Reached skill level 10 in Polearms
 18674 | Orc:1    | Reached skill level 10 in Staves
 18674 | Orc:1    | Reached skill level 10 in Slings
 18674 | Orc:1    | Reached skill level 10 in Bows
 18674 | Orc:1    | Reached skill level 10 in Crossbows
 18674 | Orc:1    | Reached skill level 10 in Throwing
 18674 | Orc:1    | Reached skill level 10 in Armour
 18674 | Orc:1    | Reached skill level 10 in Dodging
 18674 | Orc:1    | Reached skill level 10 in Stealth
 18674 | Orc:1    | Reached skill level 10 in Shields
 18674 | Orc:1    | Reached skill level 10 in Spellcasting
 18895 | Orc:1    | Learned a level 2 spell: Wereblood
 18904 | Orc:2    | Entered Level 2 of the Orcish Mines
 18981 | Orc:2    | Found a staircase to the Elven Halls.
 19130 | Orc:2    | Reached skill level 11 in Invocations
 19133 | Orc:2    | Received a gift from Okawaru
 19134 | Orc:2    | Reached skill level 12 in Evocations
 19177 | Orc:2    | Identified the +0 plate armour of Noughts and Crosses
                  | {rElec} (Okawaru gifted it to you on level 2 of the Orcish
                  | Mines)
 19177 | Orc:2    | Received a gift from Okawaru
 19273 | Orc:2    | Found Voreq's Antique Armour Boutique.
 19273 | Orc:2    | Found Xenkusey's Weapon Emporium.
 19274 | Orc:2    | Found Wypsoled's Antique Weapon Emporium.
 19274 | Orc:2    | Found Nets's Antique Weapon Shop.
 19526 | Orc:2    | Found Eraf's Book Emporium.
 19942 | D:13     | Identified the ring "Gexexie" {AC+4 Stlth+}
 20636 | D:13     | Found a gate to the Vaults.
 20770 | D:14     | Reached XP level 16. HP: 87/123 MP: 27/30
 21007 | D:14     | Received a gift from Okawaru
 21400 | D:14     | Reached skill level 9 in Conjurations
 21400 | D:14     | Reached skill level 9 in Hexes
 21400 | D:14     | Reached skill level 9 in Summonings
 21400 | D:14     | Reached skill level 9 in Necromancy
 21400 | D:14     | Reached skill level 9 in Translocations
 21400 | D:14     | Reached skill level 9 in Transmutations
 21400 | D:14     | Reached skill level 9 in Fire Magic
 21400 | D:14     | Reached skill level 9 in Ice Magic
 21400 | D:14     | Reached skill level 9 in Air Magic
 21400 | D:14     | Reached skill level 9 in Earth Magic
 21400 | D:14     | Reached skill level 9 in Poison Magic
 21706 | D:15     | Entered Level 15 of the Dungeon
 21724 | D:15     | Noticed Louise
 21837 | D:15     | Killed Louise
 21910 | D:15     | Learned a level 3 spell: Swiftness
 21990 | D:15     | Identified the +1 scale mail "Allu" {Dex+8} (Okawaru gifted
                  | it to you on level 15 of the Dungeon)
 21990 | D:15     | Received a gift from Okawaru
 22556 | D:15     | Identified +0 ice dragon scales
 22592 | D:15     | Found a staircase to the Depths.
 22763 | D:15     | Learned a level 5 spell: Lee's Rapid Deconstruction
 23051 | Swamp:1  | Entered Level 1 of the Swamp
 23286 | Swamp:1  | Reached skill level 11 in Fighting
 23286 | Swamp:1  | Reached skill level 11 in Short Blades
 23286 | Swamp:1  | Reached skill level 11 in Axes
 23286 | Swamp:1  | Reached skill level 11 in Maces & Flails
 23286 | Swamp:1  | Reached skill level 11 in Polearms
 23286 | Swamp:1  | Reached skill level 11 in Staves
 23286 | Swamp:1  | Reached skill level 11 in Slings
 23286 | Swamp:1  | Reached skill level 11 in Bows
 23286 | Swamp:1  | Reached skill level 11 in Crossbows
 23286 | Swamp:1  | Reached skill level 11 in Throwing
 23286 | Swamp:1  | Reached skill level 11 in Armour
 23286 | Swamp:1  | Reached skill level 11 in Dodging
 23286 | Swamp:1  | Reached skill level 11 in Stealth
 23286 | Swamp:1  | Reached skill level 11 in Shields
 23286 | Swamp:1  | Reached skill level 11 in Spellcasting
 23303 | Swamp:1  | Identified the +0 kite shield of Pan-Flutes {-Tele Dex+10}
 23303 | Swamp:1  | Noticed Donald
 23527 | Swamp:1  | Reached skill level 12 in Invocations
 23565 | Swamp:1  | Killed Donald
 24053 | Swamp:2  | Reached skill level 12 in Long Blades
 24316 | Swamp:2  | Found a transporter.
 24322 | Swamp:2  | Noticed mopl's ghost (adept PaGl)
 24430 | Swamp:2  | Found a transporter.
 24559 | Swamp:2  | Got Advanced Steps in Spellweaving
 24605 | Swamp:2  | Reached skill level 15 in Unarmed Combat
 25115 | Swamp:3  | Identified the +6 quick blade of Distant Worlds {venom,
                  | rPois rF+ rN+ Int+2} (Okawaru gifted it to you on level 3
                  | of the Swamp)
 25115 | Swamp:3  | Received a gift from Okawaru
 25189 | Swamp:3  | Reached skill level 13 in Evocations
 25204 | Swamp:3  | Reached XP level 17. HP: 131/131 MP: 30/32
 25213 | Swamp:3  | Noticed Kirke
 25216 | Swamp:3  | Noticed a sphinx
 25268 | Swamp:2  | Killed Kirke
 25362 | Swamp:3  | Identified +0 swamp dragon scales
 25470 | Swamp:3  | HP: 14/170 [ghost crab] (32)]
 25705 | Swamp:4  | Entered Level 4 of the Swamp
 25787 | Swamp:4  | Identified the +3 ring mail of the Final Eyes {rPois}
                  | (Okawaru gifted it to you on level 4 of the Swamp)
 25787 | Swamp:4  | Received a gift from Okawaru
 25816 | Swamp:4  | HP: 17/170 [will-o-the-wisp/foxfire (2)]
 26190 | Swamp:4  | Identified +0 swamp dragon scales
 26319 | Swamp:4  | Learned a level 5 spell: Silence
 26324 | Swamp:4  | Learned a level 4 spell: Dispel Undead
 26376 | Swamp:4  | Reached skill level 10 in Conjurations
 26376 | Swamp:4  | Reached skill level 10 in Hexes
 26376 | Swamp:4  | Reached skill level 10 in Summonings
 26376 | Swamp:4  | Reached skill level 10 in Necromancy
 26376 | Swamp:4  | Reached skill level 10 in Translocations
 26376 | Swamp:4  | Reached skill level 10 in Transmutations
 26376 | Swamp:4  | Reached skill level 10 in Fire Magic
 26376 | Swamp:4  | Reached skill level 10 in Ice Magic
 26376 | Swamp:4  | Reached skill level 10 in Air Magic
 26376 | Swamp:4  | Reached skill level 10 in Earth Magic
 26376 | Swamp:4  | Reached skill level 10 in Poison Magic
 26501 | Swamp:4  | Noticed a tentacled monstrosity
 26515 | Swamp:4  | Killed a tentacled monstrosity
 26580 | Swamp:4  | Got a decaying rune of Zot
 26849 | Spider:1 | Entered Level 1 of the Spider Nest
 26946 | Spider:1 | Received a gift from Okawaru
 27031 | Spider:1 | Reached skill level 13 in Invocations
 27085 | Spider:1 | Reached skill level 12 in Fighting
 27085 | Spider:1 | Reached skill level 12 in Short Blades
 27085 | Spider:1 | Reached skill level 12 in Axes
 27085 | Spider:1 | Reached skill level 12 in Maces & Flails
 27085 | Spider:1 | Reached skill level 12 in Polearms
 27085 | Spider:1 | Reached skill level 12 in Staves
 27085 | Spider:1 | Reached skill level 12 in Slings
 27085 | Spider:1 | Reached skill level 12 in Bows
 27085 | Spider:1 | Reached skill level 12 in Crossbows
 27085 | Spider:1 | Reached skill level 12 in Throwing
 27085 | Spider:1 | Reached skill level 12 in Armour
 27085 | Spider:1 | Reached skill level 12 in Dodging
 27085 | Spider:1 | Reached skill level 12 in Stealth
 27085 | Spider:1 | Reached skill level 12 in Shields
 27085 | Spider:1 | Reached skill level 12 in Spellcasting
 27192 | Spider:2 | Blown up by an orb spider

Vanquished Creatures
  A tentacled monstrosity (Swamp:4)
  Kirke (Swamp:2)
  A thorn hunter (Swamp:3)
  Donald (Swamp:1)
  2 orc warlords (Orc:1)
  Louise (D:15)
  2 very ugly things (Swamp:4)
  7 eleionomae
  5 bunyips
  A dire elephant (Lair:6)
  2 fire dragons
  A shambling mangrove (Swamp:2)
  2 green deaths (Swamp:4)
  4 ghost crabs
  23 hydras
  An ice dragon (D:15)
  5 boulder beetles
  A vault guard (D:13)
  23 two-headed ogres
  5 centaur warriors
  3 catoblepae
  2 death yaks
  6 ogre magi
  7 alligators
  An orc high priest (Orc:1)
  Urug (Lair:2)
  A thrashing horror (Swamp:4)
  A death drake (Swamp:3)
  A spriggan druid (Swamp:4)
  A pharaoh ant (Spider:1)
  5 goliath frogs
  An orb spider (Spider:1)
  6 bog bodies
  10 swamp dragons
  A large abomination (Swamp:4)
  2 orc knights
  3 wolf spiders
  A deep elf pyromancer (D:10)
  8 will-o-the-wisps
  An orc sorcerer (Orc:1)
  8 cyclopes
  13 slime creatures
  2 manticores
  14 ugly things
  A black mamba (Lair:2)
  2 torpor snails
  A guardian serpent (shapeshifter) (D:15)
  5 cane toads
  Maggie (D:6)
  An orange demon (Swamp:4)
  4 rime drakes
  4 kobold demonologists
  2 demonic crawlers (Spider:1)
  13 komodo dragons
  2 tengu conjurers
  A queen bee (Lair:1)
  7 hornets
  3 meliai (Spider:1)
  11 polar bears
  A hornet (shapeshifter) (D:13)
  7 trolls
  6 tyrant leeches
  A raiju (Lair:6)
  7 tarantellas
  Prince Ribbit (Lair:1)
  12 dream sheep
  16 blink frogs
  Sigmund (D:4)
  4 shadows
  6 jumping spiders
  71 yaks
  2 culicivoras (Spider:1)
  4 spriggans
  A wyvern (shapeshifter) (D:14)
  4 wyverns
  Eustachio (D:5)
  3 wraiths
  2 hogs
  17 humans
  2 basilisks
  16 vampire mosquitoes
  Edmund (D:4)
  4 steam dragons
  11 redbacks
  17 swamp worms
  8 wargs
  11 water moccasins
  16 hell hounds (Lair:6)
  2 acid dragons
  3 swamp drakes
  21 orc warriors
  A hornet zombie (D:7)
  12 black bears
  32 ogres
  The ghost of kae the Ruffian, an amateur DrTm (D:5)
  A necrophage (D:6)
  37 wolves
  18 centaurs
  18 bullfrogs
  4 kobold brigands
  A gnoll sergeant (D:9)
  2 scorpions
  An earth elemental (Swamp:1)
  31 killer bees
  4 wights (D:10)
  5 howler monkeys
  3 electric eels
  A bullfrog zombie (D:7)
  2 centaur zombies
  3 hounds
  16 jellies
  11 orc priests
  8 iguanas
  24 orc wizards
  Robin (D:2)
  9 adders
  3 gnolls (D:9)
  A shadow imp (D:8)
  A white imp (D:7)
  2 ufetubi
  An adder skeleton (D:4)
  3 worms
  3 dart slugs
  73 orcs
  7 ball pythons
  6 endoplasms
  6 giant cockroaches
  15 goblins
  7 hobgoblins
  20 kobolds
  5 quokkas
  8 bats
  3 frilled lizards
  A rat (D:1)
  A spectral kobold (D:10)
937 creatures vanquished.

Vanquished Creatures (others)
  A goliath frog (Swamp:3)
  9 bloated husks
  A human (D:13)
  A swamp worm (Swamp:2)
  A small abomination (Swamp:4)
  An orc wizard (D:7)
  55 foxfires
  46 fungi
  52 plants
167 creatures vanquished.

Grand Total: 1104 creatures vanquished
